Sabres vs Penguins

Created - April 19 2010 at 17:53

Goals
1 2 3 T
Sabres 2 0 2 4
Penguins 1 0 0 1
Shots
1 2 3 T
Sabres 13 11 10 34
Penguins 8 5 10 23

Period #1

1. Sabres , Nicklas Lidstrom 4 (Dennis Wideman, Marc Savard) at 5:22 (PP)
2. Sabres , Henrik Zetterberg 1 (Martin Havlat) at 8:17 (PP)
3. Penguins , Pavel Datsyuk 5 (Brad Richards, Pavel Kubina) at 12:40

Penalties :
Andy Sutton (BUF) for Hooking (Minor) at 2:14, Freddy Meyer (PIT) for Roughing (Minor) at 4:41, Pavel Datsyuk (PIT) for Hooking (Minor) at 6:28, Marc-Andre Fleury (PIT) for Slashing (Minor) at 7:59 - Freddy Meyer served the penalty., Jan Hejda (PIT) for Hooking (Minor) at 8:20, Kris Draper (PIT) for High sticking (Minor) at 16:59, Marian Hossa (PIT) for Tripping (Minor) at 18:36, Johan Franzen (BUF) for Slashing (Minor) at 19:40

Period #2

No Goal

Penalties :
Freddy Meyer (PIT) for Hooking (Minor) at 0:15, Pavel Datsyuk (PIT) for Fighting (Major) at 3:25, Zdeno Chara (BUF) for Fighting (Major) at 3:25, Dennis Wideman (BUF) for Hooking (Minor) at 7:35, Martin Hanzal (PIT) for Interference (Minor) at 10:06, Zdeno Chara (BUF) for Hooking (Minor) at 13:20, Zdeno Chara (BUF) for Hooking (Minor) at 17:43

Period #3

4. Sabres , Martin St. Louis 2 (Tuomo Ruutu, Niklas Kronwall) at 1:44
5. Sabres , Johan Franzen 4 (Martin Havlat, Zdeno Chara) at 2:45

Penalties :
Andrew Ference (PIT) for Fighting (Major) at 2:28, Tuomo Ruutu (BUF) for Fighting (Major) at 2:28, Niklas Kronwall (BUF) for Holding Stick (Minor) at 6:43, Steve Montador (PIT) for Interference (Minor) at 9:58, Marian Hossa (PIT) for Interference (Minor) at 10:09, Ruslan Fedotenko (PIT) for Holding (Minor) at 13:36, Johan Franzen (BUF) for Roughing (Minor) at 13:36, Pavel Kubina (PIT) for Hooking (Minor) at 13:52, Brooks Orpik (PIT) for Hooking (Minor) at 16:57

Goalie Stats

Ryan Miller (BUF), 22 saves from 23 shots - (0.957), W, 6-1-1, 60:00 minutes
Marc-Andre Fleury (PIT), 30 saves from 34 shots - (0.882), L, 5-4-1, 60:00 minutes

Players Stats

Sabres
Player Name              G  A  P  +/- PIM S  H  SB FO    MP 
------------------------------------------------------------
Andy Sutton              0  0  0  -1  2   1  1  0  0/0   13 
Ben Guite                0  0  0   0  0   0  0  0  0/2   3  
Dennis Wideman           0  1  1   1  2   2  0  1  0/0   22 
Dmitri Kalinin           0  0  0   0  0   0  0  0  0/0   0  
Henrik Zetterberg        1  0  1   0  0   4  1  1  20/36 23 
Johan Franzen            1  0  1   1  4   2  1  0  1/1   18 
Kim Johnsson             0  0  0  -1  0   1  0  1  0/0   17 
Kris Versteeg            0  0  0  -1  0   1  0  0  0/0   16 
Marc Savard              0  1  1  -1  0   1  0  1  24/30 19 
Martin Havlat            0  2  2   1  0   2  0  0  1/4   18 
Martin St. Louis         1  0  1   1  0   8  0  0  0/1   22 
Mike Richards            0  0  0   1  0   5  1  0  14/25 21 
Nicklas Lidstrom         1  0  1   1  0   2  0  0  0/0   23 
Niklas Kronwall          0  1  1   1  2   1  0  0  0/0   21 
Nikolai Zherdev          0  0  0   0  0   1  0  0  0/0   7  
Paul Gaustad             0  0  0   0  0   0  0  0  1/1   2  
Tuomo Ruutu              0  1  1   1  5   1  1  0  0/0   20 
Zdeno Chara              0  1  1   1  9   2  2  2  0/0   21 
Penguins
Player Name              G  A  P  +/- PIM S  H  SB FO    MP 
------------------------------------------------------------
Andrew Ference           0  0  0   0  5   0  0  2  0/0   20 
Brad Richards            0  1  1   0  0   4  0  0  10/23 17 
Brooks Orpik             0  0  0   0  2   0  0  1  0/0   19 
Evgeni Malkin            0  0  0  -1  0   3  0  0  8/24  21 
Freddy Meyer             0  0  0   0  4   1  0  1  0/0   19 
Jan Hejda                0  0  0  -1  2   0  2  0  0/0   22 
John Madden              0  0  0   0  0   2  0  0  8/13  12 
John-Michael Liles       0  0  0  -1  0   2  0  0  0/0   16 
Kris Draper              0  0  0   0  2   1  1  0  2/4   18 
Marian Hossa             0  0  0   0  4   1  4  0  1/3   18 
Martin Hanzal            0  0  0   0  2   1  1  0  1/6   3  
Patrick Sharp            0  0  0  -1  0   1  0  0  0/0   16 
Pavel Datsyuk            1  0  1   0  7   3  1  2  7/17  22 
Pavel Kubina             0  1  1   0  2   1  0  5  0/0   21 
Ruslan Fedotenko         0  0  0  -1  2   1  0  0  0/2   14 
Steve Montador           0  0  0   0  2   2  2  1  2/8   16 
Vaclav Prospal           0  0  0   0  0   0  1  0  0/0   2  
Zach Bogosian            0  0  0   0  0   0  0  0  0/0   1  

3 Stars

1 - Ryan Miller (BUF)
2 - Martin Havlat (BUF)
3 - Martin St. Louis (BUF)

Power Play

Sabres - 2 on 12 Attempt(s) - 16.67%
Penguins - 0 on 6 Attempt(s) - 0.00%

Penalty Kill

Sabres - 6 on 6 Attempt(s) - 100.00% - Score 0 goal in Penalty Kill
Penguins - 10 on 12 Attempt(s) - 83.33% - Score 0 goal in Penalty Kill

Game Notes

Pavel Datsyuk and Zdeno Chara fight to a draw at 3:25 of 2nd period
Andrew Ference and Tuomo Ruutu fight to a draw at 2:28 of 3rd period

Finance

Level 1 -- Attendance: 6500 (100.00%) -- Ticket Income $604,500.00
Level 2 -- Attendance: 5000 (100.00%) -- Ticket Income $275,000.00
Level 3 -- Attendance: 3500 (100.00%) -- Ticket Income $115,500.00
Level 4 -- Attendance: 2087 (100.00%) -- Ticket Income $35,479.00
Luxury Box -- Attendance: 1000 (100.00%) -- Ticket Income $185,000.00
Game was played at the Consol Energy Center
Total Attendance: 18087 (100.00%)
Total Ticket Income: $1,303,412.00
Other Income: $391,023.53
Total Income: $1,694,436.00


Play by Play

Period #1

0:01 of 1st period - Henrik Zetterberg wins face-off versus Evgeni Malkin in neutral zone.
0:16 of 1st period - Shot by Evgeni Malkin.
0:16 of 1st period - Stopped by Ryan Miller without a rebound.
0:17 of 1st period - Brad Richards wins face-off versus Mike Richards in Sabres zone.
1:11 of 1st period - Icing by Dennis Wideman.
1:12 of 1st period - John Madden wins face-off versus Mike Richards in Sabres zone.
1:44 of 1st period - Icing by Andrew Ference.
1:45 of 1st period - John Madden wins face-off versus Marc Savard in Penguins zone.
1:45 of 1st period - John Madden is hit by Henrik Zetterberg.
2:13 of 1st period - Shot by Evgeni Malkin.
2:13 of 1st period - Shot Misses the Net.
2:14 of 1st period - Minor Penalty to Andy Sutton for Hooking.
2:15 of 1st period - Mike Richards wins face-off versus Evgeni Malkin in Sabres zone.
2:42 of 1st period - Shot by Evgeni Malkin.
2:42 of 1st period - Stopped by Ryan Miller without a rebound.
2:43 of 1st period - Brad Richards wins face-off versus Henrik Zetterberg in Sabres zone.
3:06 of 1st period - Shot by Brad Richards.
3:06 of 1st period - Stopped by Ryan Miller with a rebound.
3:44 of 1st period - Niklas Kronwall is hit by Pavel Datsyuk and loses puck.
4:15 of 1st period - Icing by Nicklas Lidstrom.
4:16 of 1st period - Marc Savard wins face-off versus Martin Hanzal in Sabres zone.
4:25 of 1st period - Shot by Tuomo Ruutu.
4:25 of 1st period - Stopped by Marc-Andre Fleury without a rebound.
4:26 of 1st period - John Madden wins face-off versus Mike Richards in Penguins zone.
4:30 of 1st period - Icing by Andrew Ference.
4:31 of 1st period - Marc Savard wins face-off versus John Madden in Penguins zone.
4:41 of 1st period - Minor Penalty to Freddy Meyer for Roughing.
4:42 of 1st period - Steve Montador wins face-off versus Henrik Zetterberg in Penguins zone.
5:06 of 1st period - Shot by Niklas Kronwall.
5:06 of 1st period - Stopped by Marc-Andre Fleury with a rebound.
5:10 of 1st period - Shot by Henrik Zetterberg.
5:10 of 1st period - Shot Blocked by Steve Montador.
5:12 of 1st period - Shot by Henrik Zetterberg.
5:12 of 1st period - Stopped by Marc-Andre Fleury without a rebound.
5:13 of 1st period - Marc Savard wins face-off versus Pavel Datsyuk in Penguins zone.
5:18 of 1st period - Shot by Marc Savard.
5:18 of 1st period - Shot Blocked by Pavel Datsyuk.
5:20 of 1st period - Shot by Dennis Wideman.
5:20 of 1st period - Shot Misses the Net.
5:22 of 1st period - Shot by Nicklas Lidstrom.
5:22 of 1st period - Goal by Nicklas Lidstrom - Sabres : 1 - Penguins : 0.
5:23 of 1st period - Marc Savard wins face-off versus Evgeni Malkin in neutral zone.
6:02 of 1st period - Shot by Evgeni Malkin.
6:02 of 1st period - Shot Blocked by Marc Savard.
6:04 of 1st period - Shot by Evgeni Malkin.
6:04 of 1st period - Shot Blocked by Kim Johnsson.
6:11 of 1st period - Icing by Andy Sutton.
6:12 of 1st period - Marc Savard wins face-off versus Brad Richards in Sabres zone.
6:12 of 1st period - Marc Savard is hit by Marian Hossa.
6:28 of 1st period - Minor Penalty to Pavel Datsyuk for Hooking.
6:29 of 1st period - Marian Hossa wins face-off versus Henrik Zetterberg in Penguins zone.
6:35 of 1st period - Icing by Zdeno Chara.
6:36 of 1st period - Steve Montador wins face-off versus Henrik Zetterberg in Sabres zone.
7:05 of 1st period - Shot by Henrik Zetterberg.
7:05 of 1st period - Stopped by Marc-Andre Fleury with a rebound.
7:07 of 1st period - Shot by Zdeno Chara.
7:07 of 1st period - Stopped by Marc-Andre Fleury without a rebound.
7:08 of 1st period - Marc Savard wins face-off versus Evgeni Malkin in Penguins zone.
7:37 of 1st period - Shot by Martin St. Louis.
7:37 of 1st period - Stopped by Marc-Andre Fleury without a rebound.
7:38 of 1st period - Henrik Zetterberg wins face-off versus Steve Montador in Penguins zone.
7:57 of 1st period - Shot by Henrik Zetterberg.
7:57 of 1st period - Shot Blocked by Freddy Meyer.
7:59 of 1st period - Shot by Zdeno Chara.
7:59 of 1st period - Stopped by Marc-Andre Fleury without a rebound.
7:59 of 1st period - Minor Penalty to Marc-Andre Fleury for Slashing.
8:00 of 1st period - Mike Richards wins face-off versus Kris Draper in Penguins zone.
8:13 of 1st period - Shot by Nicklas Lidstrom.
8:13 of 1st period - Stopped by Marc-Andre Fleury without a rebound.
8:14 of 1st period - Henrik Zetterberg wins face-off versus Evgeni Malkin in Penguins zone.
8:17 of 1st period - Shot by Henrik Zetterberg.
8:17 of 1st period - Goal by Henrik Zetterberg - Sabres : 2 - Penguins : 0.
8:18 of 1st period - Marc Savard wins face-off versus Pavel Datsyuk in neutral zone.
8:20 of 1st period - Minor Penalty to Jan Hejda for Hooking.
8:21 of 1st period - Henrik Zetterberg wins face-off versus Pavel Datsyuk in Penguins zone.
8:32 of 1st period - Shot by Martin Havlat.
8:32 of 1st period - Stopped by Marc-Andre Fleury without a rebound.
8:33 of 1st period - Marc Savard wins face-off versus Pavel Datsyuk in Penguins zone.
8:34 of 1st period - Shot by Nicklas Lidstrom.
8:34 of 1st period - Shot Misses the Net.
8:36 of 1st period - Shot by Nicklas Lidstrom.
8:36 of 1st period - Deflect By Tuomo Ruutu.
8:36 of 1st period - Shot Blocked by Pavel Kubina.
8:38 of 1st period - Shot by Dennis Wideman.
8:38 of 1st period - Shot Blocked by Andrew Ference.
8:40 of 1st period - Shot by Martin St. Louis.
8:40 of 1st period - Stopped by Marc-Andre Fleury without a rebound.
8:41 of 1st period - Marc Savard wins face-off versus Pavel Datsyuk in Penguins zone.
8:44 of 1st period - Shot by Martin St. Louis.
8:44 of 1st period - Shot Blocked by Pavel Kubina.
8:48 of 1st period - Shot by Marc Savard.
8:48 of 1st period - Shot Blocked by Pavel Kubina.
9:28 of 1st period - Shot by Johan Franzen.
9:28 of 1st period - Shot Misses the Net.
9:32 of 1st period - Shot by Martin Havlat.
9:32 of 1st period - Stopped by Marc-Andre Fleury without a rebound.
9:33 of 1st period - Kris Draper wins face-off versus Henrik Zetterberg in Penguins zone.
10:07 of 1st period - Icing by Zdeno Chara.
10:08 of 1st period - Evgeni Malkin wins face-off versus Henrik Zetterberg in Sabres zone.
10:14 of 1st period - Icing by Henrik Zetterberg.
10:15 of 1st period - Pavel Datsyuk wins face-off versus Henrik Zetterberg in Sabres zone.
10:29 of 1st period - Off-side.
10:30 of 1st period - Marc Savard wins face-off versus John Madden in neutral zone.
10:55 of 1st period - Shot by Steve Montador.
10:55 of 1st period - Stopped by Ryan Miller with a rebound.
10:57 of 1st period - Shot by Steve Montador.
10:57 of 1st period - Stopped by Ryan Miller without a rebound.
10:58 of 1st period - Mike Richards wins face-off versus Evgeni Malkin in Sabres zone.
12:11 of 1st period - Icing by Mike Richards.
12:12 of 1st period - John Madden wins face-off versus Mike Richards in Sabres zone.
12:21 of 1st period - Shot by John Madden.
12:21 of 1st period - Stopped by Ryan Miller without a rebound.
12:22 of 1st period - Marc Savard wins face-off versus Brad Richards in Sabres zone.
12:38 of 1st period - Shot by Pavel Datsyuk.
12:38 of 1st period - Shot Misses the Net.
12:40 of 1st period - Shot by Pavel Datsyuk.
12:40 of 1st period - Goal by Pavel Datsyuk - Sabres : 2 - Penguins : 1.
12:41 of 1st period - John Madden wins face-off versus Henrik Zetterberg in neutral zone.
12:57 of 1st period - Shot by Zdeno Chara.
12:57 of 1st period - Shot Misses the Net.
13:15 of 1st period - Shot by John Madden.
13:15 of 1st period - Shot Blocked by Zdeno Chara.
13:19 of 1st period - Shot by John Madden.
13:19 of 1st period - Deflect By Steve Montador.
13:19 of 1st period - Shot Blocked by Henrik Zetterberg.
13:21 of 1st period - Shot by Kris Draper.
13:21 of 1st period - Stopped by Ryan Miller without a rebound.
13:22 of 1st period - Marc Savard wins face-off versus Brad Richards in Sabres zone.
13:22 of 1st period - Marc Savard is hit by Marian Hossa.
15:39 of 1st period - Icing by Niklas Kronwall.
15:40 of 1st period - Brad Richards wins face-off versus Henrik Zetterberg in Sabres zone.
15:46 of 1st period - Icing by Henrik Zetterberg.
15:47 of 1st period - Henrik Zetterberg wins face-off versus Martin Hanzal in Sabres zone.
15:47 of 1st period - Henrik Zetterberg is hit by Martin Hanzal.
16:22 of 1st period - Kim Johnsson is hit by Vaclav Prospal and loses puck.
16:36 of 1st period - Icing by Andy Sutton.
16:37 of 1st period - Marc Savard wins face-off versus Steve Montador in Sabres zone.
16:55 of 1st period - Andrew Ference is hit by Zdeno Chara and loses puck.
16:59 of 1st period - Minor Penalty to Kris Draper for High sticking.
17:00 of 1st period - Henrik Zetterberg wins face-off versus Steve Montador in Penguins zone.
18:36 of 1st period - Minor Penalty to Marian Hossa for Tripping.
18:37 of 1st period - Brad Richards wins face-off versus Ben Guite in Penguins zone.
18:47 of 1st period - Icing by Tuomo Ruutu.
18:48 of 1st period - Brad Richards wins face-off versus Ben Guite in Sabres zone.
19:40 of 1st period - Minor Penalty to Johan Franzen for Slashing.
19:41 of 1st period - Henrik Zetterberg wins face-off versus Pavel Datsyuk in Sabres zone.

Period #2

0:01 of 2nd period - Pavel Datsyuk wins face-off versus Mike Richards in neutral zone.
0:05 of 2nd period - Icing by Mike Richards.
0:06 of 2nd period - Pavel Datsyuk wins face-off versus Henrik Zetterberg in Sabres zone.
0:15 of 2nd period - Minor Penalty to Freddy Meyer for Hooking.
0:16 of 2nd period - Marc Savard wins face-off versus Kris Draper in Penguins zone.
0:21 of 2nd period - Shot by Martin St. Louis.
0:21 of 2nd period - Stopped by Marc-Andre Fleury with a rebound.
0:33 of 2nd period - Shot by Dennis Wideman.
0:33 of 2nd period - Stopped by Marc-Andre Fleury without a rebound.
0:34 of 2nd period - Pavel Datsyuk wins face-off versus Henrik Zetterberg in Penguins zone.
0:42 of 2nd period - Icing by Henrik Zetterberg.
0:43 of 2nd period - Henrik Zetterberg wins face-off versus Marian Hossa in Sabres zone.
0:43 of 2nd period - Henrik Zetterberg is hit by Marian Hossa.
1:08 of 2nd period - Henrik Zetterberg is hit by Jan Hejda and loses puck.
1:47 of 2nd period - Shot by Martin St. Louis.
1:47 of 2nd period - Stopped by Marc-Andre Fleury with a rebound.
2:10 of 2nd period - Icing by Nicklas Lidstrom.
2:11 of 2nd period - Marc Savard wins face-off versus Pavel Datsyuk in Sabres zone.
2:11 of 2nd period - Marc Savard is hit by Kris Draper.
2:18 of 2nd period - Off-side.
2:19 of 2nd period - Evgeni Malkin wins face-off versus Marc Savard in neutral zone.
2:33 of 2nd period - Icing by Kim Johnsson.
2:34 of 2nd period - Marc Savard wins face-off versus John Madden in Sabres zone.
3:25 of 2nd period - Pavel Datsyuk and Zdeno Chara fight to a draw.
3:25 of 2nd period - Penalty to Pavel Datsyuk for Fighting.
3:25 of 2nd period - Penalty to Zdeno Chara for Fighting.
3:26 of 2nd period - Martin Havlat wins face-off versus Evgeni Malkin in Penguins zone.
3:58 of 2nd period - Martin Havlat is hit by Jan Hejda and loses puck.
4:38 of 2nd period - Shot by Martin St. Louis.
4:38 of 2nd period - Stopped by Marc-Andre Fleury without a rebound.
4:39 of 2nd period - Mike Richards wins face-off versus Brad Richards in Penguins zone.
4:44 of 2nd period - Shot by Mike Richards.
4:44 of 2nd period - Stopped by Marc-Andre Fleury without a rebound.
4:45 of 2nd period - Mike Richards wins face-off versus Brad Richards in Penguins zone.
4:52 of 2nd period - Shot by Johan Franzen.
4:52 of 2nd period - Shot Blocked by Brooks Orpik.
6:29 of 2nd period - Shot by Martin St. Louis.
6:29 of 2nd period - Shot Blocked by Andrew Ference.
6:59 of 2nd period - Shot by Henrik Zetterberg.
6:59 of 2nd period - Shot Misses the Net.
7:01 of 2nd period - Shot by Kim Johnsson.
7:01 of 2nd period - Stopped by Marc-Andre Fleury with a rebound.
7:03 of 2nd period - Shot by Andy Sutton.
7:03 of 2nd period - Stopped by Marc-Andre Fleury without a rebound.
7:04 of 2nd period - Paul Gaustad wins face-off versus Brad Richards in Penguins zone.
7:35 of 2nd period - Minor Penalty to Dennis Wideman for Hooking.
7:36 of 2nd period - Mike Richards wins face-off versus Brad Richards in Sabres zone.
8:19 of 2nd period - Shot by Martin Hanzal.
8:19 of 2nd period - Stopped by Ryan Miller without a rebound.
8:20 of 2nd period - Henrik Zetterberg wins face-off versus Martin Hanzal in Sabres zone.
8:33 of 2nd period - Shot by Jan Hejda.
8:33 of 2nd period - Shot Misses the Net.
8:35 of 2nd period - Shot by Jan Hejda.
8:35 of 2nd period - Shot Misses the Net.
8:37 of 2nd period - Shot by Martin Hanzal.
8:37 of 2nd period - Deflect By Ruslan Fedotenko.
8:37 of 2nd period - Stopped by Ryan Miller without a rebound.
8:38 of 2nd period - Henrik Zetterberg wins face-off versus Brad Richards in Sabres zone.
9:10 of 2nd period - Pavel Datsyuk is hit by Zdeno Chara and loses puck.
10:06 of 2nd period - Minor Penalty to Martin Hanzal for Interference.
10:07 of 2nd period - Marc Savard wins face-off versus Steve Montador in Penguins zone.
10:23 of 2nd period - Icing by Dennis Wideman.
10:24 of 2nd period - Marc Savard wins face-off versus Pavel Datsyuk in Sabres zone.
11:31 of 2nd period - Pavel Kubina is hit by Johan Franzen and loses puck.
12:18 of 2nd period - Shot by Tuomo Ruutu.
12:18 of 2nd period - Shot Misses the Net.
12:22 of 2nd period - Shot by Marc Savard.
12:22 of 2nd period - Shot Misses the Net.
12:49 of 2nd period - Icing by Andy Sutton.
12:50 of 2nd period - Marc Savard wins face-off versus John Madden in Sabres zone.
13:20 of 2nd period - Minor Penalty to Zdeno Chara for Hooking.
13:21 of 2nd period - Henrik Zetterberg wins face-off versus Evgeni Malkin in Sabres zone.
13:29 of 2nd period - Off-side.
13:30 of 2nd period - Brad Richards wins face-off versus Henrik Zetterberg in neutral zone.
13:39 of 2nd period - Shot by Brad Richards.
13:39 of 2nd period - Shot Misses the Net.
13:41 of 2nd period - Shot by Freddy Meyer.
13:41 of 2nd period - Shot Misses the Net.
13:57 of 2nd period - Shot by Freddy Meyer.
13:57 of 2nd period - Deflect By Brad Richards.
13:57 of 2nd period - Shot Misses the Net.
13:59 of 2nd period - Shot by Freddy Meyer.
13:59 of 2nd period - Stopped by Ryan Miller without a rebound.
14:00 of 2nd period - Evgeni Malkin wins face-off versus Mike Richards in Sabres zone.
15:36 of 2nd period - Shot by Johan Franzen.
15:36 of 2nd period - Stopped by Marc-Andre Fleury without a rebound.
15:37 of 2nd period - Marc Savard wins face-off versus Martin Hanzal in Penguins zone.
15:49 of 2nd period - Icing by Jan Hejda.
15:50 of 2nd period - Mike Richards wins face-off versus Martin Hanzal in Penguins zone.
15:53 of 2nd period - Shot by Nikolai Zherdev.
15:53 of 2nd period - Stopped by Marc-Andre Fleury with a rebound.
15:59 of 2nd period - Shot by Johan Franzen.
15:59 of 2nd period - Deflect By Mike Richards.
15:59 of 2nd period - Stopped by Marc-Andre Fleury with a rebound.
16:01 of 2nd period - Shot by Mike Richards.
16:01 of 2nd period - Shot Misses the Net.
16:03 of 2nd period - Shot by Mike Richards.
16:03 of 2nd period - Stopped by Marc-Andre Fleury without a rebound.
16:04 of 2nd period - John Madden wins face-off versus Marc Savard in Penguins zone.
16:13 of 2nd period - Shot by John Madden.
16:13 of 2nd period - Stopped by Ryan Miller without a rebound.
16:14 of 2nd period - Evgeni Malkin wins face-off versus Mike Richards in Sabres zone.
16:25 of 2nd period - Icing by Martin St. Louis.
16:26 of 2nd period - Mike Richards wins face-off versus Steve Montador in Sabres zone.
17:01 of 2nd period - Off-side.
17:02 of 2nd period - Henrik Zetterberg wins face-off versus Marian Hossa in neutral zone.
17:43 of 2nd period - Minor Penalty to Zdeno Chara for Hooking.
17:44 of 2nd period - Henrik Zetterberg wins face-off versus Evgeni Malkin in Sabres zone.
19:01 of 2nd period - Icing by Marian Hossa.
19:02 of 2nd period - Brad Richards wins face-off versus Martin Havlat in Penguins zone.
19:23 of 2nd period - Shot by John-Michael Liles.
19:23 of 2nd period - Stopped by Ryan Miller with a rebound.

Period #3

0:01 of 3rd period - Johan Franzen wins face-off versus Evgeni Malkin in neutral zone.
0:12 of 3rd period - Shot by Henrik Zetterberg.
0:12 of 3rd period - Stopped by Marc-Andre Fleury without a rebound.
0:13 of 3rd period - Mike Richards wins face-off versus Brad Richards in Penguins zone.
0:24 of 3rd period - Shot by Pavel Datsyuk.
0:24 of 3rd period - Shot Blocked by Dennis Wideman.
0:26 of 3rd period - Shot by Marian Hossa.
0:26 of 3rd period - Stopped by Ryan Miller without a rebound.
0:27 of 3rd period - Evgeni Malkin wins face-off versus Henrik Zetterberg in Sabres zone.
1:04 of 3rd period - Shot by Evgeni Malkin.
1:04 of 3rd period - Stopped by Ryan Miller without a rebound.
1:05 of 3rd period - Mike Richards wins face-off versus Brad Richards in Sabres zone.
1:12 of 3rd period - Shot by Mike Richards.
1:12 of 3rd period - Stopped by Marc-Andre Fleury with a rebound.
1:44 of 3rd period - Shot by Martin St. Louis.
1:44 of 3rd period - Goal by Martin St. Louis - Sabres : 3 - Penguins : 1.
1:45 of 3rd period - John Madden wins face-off versus Marc Savard in neutral zone.
2:28 of 3rd period - Andrew Ference and Tuomo Ruutu fight to a draw.
2:28 of 3rd period - Penalty to Andrew Ference for Fighting.
2:28 of 3rd period - Penalty to Tuomo Ruutu for Fighting.
2:29 of 3rd period - Henrik Zetterberg wins face-off versus Ruslan Fedotenko in Sabres zone.
2:45 of 3rd period - Shot by Johan Franzen.
2:45 of 3rd period - Goal by Johan Franzen - Sabres : 4 - Penguins : 1.
2:46 of 3rd period - Mike Richards wins face-off versus Brad Richards in neutral zone.
3:02 of 3rd period - Shot by Mike Richards.
3:02 of 3rd period - Stopped by Marc-Andre Fleury without a rebound.
3:03 of 3rd period - Mike Richards wins face-off versus Evgeni Malkin in Penguins zone.
6:43 of 3rd period - Minor Penalty to Niklas Kronwall for Holding Stick.
6:44 of 3rd period - Pavel Datsyuk wins face-off versus Henrik Zetterberg in Sabres zone.
6:45 of 3rd period - Shot by Patrick Sharp.
6:45 of 3rd period - Stopped by Ryan Miller without a rebound.
6:46 of 3rd period - Henrik Zetterberg wins face-off versus Evgeni Malkin in Sabres zone.
7:03 of 3rd period - Shot by John-Michael Liles.
7:03 of 3rd period - Stopped by Ryan Miller with a rebound.
7:05 of 3rd period - Shot by Pavel Datsyuk.
7:05 of 3rd period - Stopped by Ryan Miller without a rebound.
7:06 of 3rd period - Brad Richards wins face-off versus Martin Havlat in Sabres zone.
7:07 of 3rd period - Shot by Pavel Kubina.
7:07 of 3rd period - Deflect By Brad Richards.
7:07 of 3rd period - Stopped by Ryan Miller with a rebound.
7:09 of 3rd period - Shot by Pavel Kubina.
7:09 of 3rd period - Stopped by Ryan Miller without a rebound.
7:10 of 3rd period - Brad Richards wins face-off versus Martin Havlat in Sabres zone.
8:03 of 3rd period - Shot by Pavel Datsyuk.
8:03 of 3rd period - Shot Blocked by Zdeno Chara.
8:26 of 3rd period - Icing by Patrick Sharp.
8:27 of 3rd period - Evgeni Malkin wins face-off versus Henrik Zetterberg in Penguins zone.
9:12 of 3rd period - Shot by Martin St. Louis.
9:12 of 3rd period - Stopped by Marc-Andre Fleury without a rebound.
9:13 of 3rd period - Martin Hanzal wins face-off versus Mike Richards in Penguins zone.
9:13 of 3rd period - Martin Hanzal is hit by Mike Richards.
9:23 of 3rd period - Shot by Pavel Datsyuk.
9:23 of 3rd period - Stopped by Ryan Miller without a rebound.
9:24 of 3rd period - Henrik Zetterberg wins face-off versus Brad Richards in Sabres zone.
9:28 of 3rd period - Johan Franzen is hit by Marian Hossa and loses puck.
9:37 of 3rd period - Shot by Brad Richards.
9:37 of 3rd period - Stopped by Ryan Miller without a rebound.
9:38 of 3rd period - Mike Richards wins face-off versus John Madden in Sabres zone.
9:58 of 3rd period - Minor Penalty to Steve Montador for Interference.
9:59 of 3rd period - Henrik Zetterberg wins face-off versus Evgeni Malkin in Penguins zone.
10:09 of 3rd period - Minor Penalty to Marian Hossa for Interference.
10:10 of 3rd period - Pavel Datsyuk wins face-off versus Marc Savard in Penguins zone.
10:58 of 3rd period - Off-side.
10:59 of 3rd period - Kris Draper wins face-off versus Henrik Zetterberg in neutral zone.
11:47 of 3rd period - Shot by Nicklas Lidstrom.
11:47 of 3rd period - Shot Misses the Net.
11:49 of 3rd period - Shot by Tuomo Ruutu.
11:49 of 3rd period - Shot Misses the Net.
11:53 of 3rd period - Shot by Dennis Wideman.
11:53 of 3rd period - Stopped by Marc-Andre Fleury with a rebound.
11:57 of 3rd period - Shot by Martin St. Louis.
11:57 of 3rd period - Stopped by Marc-Andre Fleury with a rebound.
12:01 of 3rd period - Shot by Marc Savard.
12:01 of 3rd period - Shot Blocked by Pavel Kubina.
12:03 of 3rd period - Shot by Dennis Wideman.
12:03 of 3rd period - Shot Misses the Net.
12:38 of 3rd period - Shot by Brad Richards.
12:38 of 3rd period - Stopped by Ryan Miller without a rebound.
12:39 of 3rd period - John Madden wins face-off versus Marc Savard in Sabres zone.
12:40 of 3rd period - Shot by Kris Draper.
12:40 of 3rd period - Shot Misses the Net.
12:48 of 3rd period - Tuomo Ruutu is hit by Steve Montador and loses puck.
13:25 of 3rd period - Zdeno Chara is hit by Steve Montador and loses puck.
13:33 of 3rd period - Icing by Zdeno Chara.
13:34 of 3rd period - Henrik Zetterberg wins face-off versus Ruslan Fedotenko in Sabres zone.
13:36 of 3rd period - Minor Penalty to Ruslan Fedotenko for Holding.
13:36 of 3rd period - Minor Penalty to Johan Franzen for Roughing.
13:37 of 3rd period - Marc Savard wins face-off versus Evgeni Malkin in neutral zone.
13:40 of 3rd period - Shot by Niklas Kronwall.
13:40 of 3rd period - Shot Blocked by Pavel Datsyuk.
13:42 of 3rd period - Shot by Martin St. Louis.
13:42 of 3rd period - Shot Blocked by Pavel Kubina.
13:52 of 3rd period - Minor Penalty to Pavel Kubina for Hooking.
13:53 of 3rd period - Henrik Zetterberg wins face-off versus Pavel Datsyuk in Penguins zone.
14:32 of 3rd period - Icing by Niklas Kronwall.
14:33 of 3rd period - Evgeni Malkin wins face-off versus Martin St. Louis in Sabres zone.
15:01 of 3rd period - Icing by Marc Savard.
15:02 of 3rd period - Marc Savard wins face-off versus Pavel Datsyuk in Sabres zone.
15:42 of 3rd period - Icing by Henrik Zetterberg.
15:43 of 3rd period - Henrik Zetterberg wins face-off versus Steve Montador in Sabres zone.
15:58 of 3rd period - Shot by Kris Versteeg.
15:58 of 3rd period - Stopped by Marc-Andre Fleury without a rebound.
15:59 of 3rd period - Marc Savard wins face-off versus Evgeni Malkin in Penguins zone.
16:06 of 3rd period - Shot by Marc Savard.
16:06 of 3rd period - Stopped by Marc-Andre Fleury without a rebound.
16:07 of 3rd period - Brad Richards wins face-off versus Mike Richards in Penguins zone.
16:57 of 3rd period - Minor Penalty to Brooks Orpik for Hooking.
16:58 of 3rd period - Marc Savard wins face-off versus Evgeni Malkin in Penguins zone.
17:11 of 3rd period - Jan Hejda is hit by Tuomo Ruutu and loses puck.
18:27 of 3rd period - Off-side.
18:28 of 3rd period - Pavel Datsyuk wins face-off versus Mike Richards in neutral zone.
19:16 of 3rd period - Icing by Jan Hejda.
19:17 of 3rd period - Evgeni Malkin wins face-off versus Mike Richards in Penguins zone.
19:38 of 3rd period - Icing by Nicklas Lidstrom.
19:39 of 3rd period - Mike Richards wins face-off versus Brad Richards in Sabres zone.
19:59 of 3rd period - Brad Richards is hit by Andy Sutton.


Output by the SimonT Hockey Simulator (STHS) for Stephane Roy -- Original Page W3C XHTML 1.0 Valid